 Dungeon Crawl Stone Soup version 0.27-b1-42-g19c61b19a5 (webtiles) character file.

Game seed: 3691733771199305981

216 Tirrikindir the Magician (level 6, -1/43 HPs)
             Began as a Djinni Ice Elementalist on July 29, 2021.
             Was an Initiate of Ashenzari.
             Slain by a kobold (2 damage)
             ... on level 4 of the Dungeon.
             The game lasted 00:12:21 (3792 turns).

Tirrikindir the Magician (Djinni Ice Elementalist)  Turns: 3792, Time: 00:12:23

Health: -1/43      AC:  4    Str:  7    XL:     6   Next: 16%
Gold:   169        EV: 12    Int: 17    God:    Ashenzari [......] SH:  4 Dex: 15

rFire    + . .     SeeInvis .   p - +3 dagger
rCold    . . .     Faith    .   l - +0 buckler
rNeg     . . .     Spirit   .   a - +0 robe
rPois    ∞         Reflect  .   (helmet restricted)
rElec    .         Harm     .   (no cloak)
rCorr    .         Rampage  .   g - +1 pair of gloves "Manifest Seer" {Evo, Melee} (curse)
Will     .....                  (boots unavailable)
Stlth    ++........             (no amulet)
HPRegen  0.14/turn              q - ring of ice
MPRegen  0.00/turn              (no ring)

@: flying, very slightly contaminated
A: sickness immunity, fire resistance 2, cold vulnerability 1, float, innate
caster, hp casting, extra vitality 1, antennae 1, screaming 1, wild magic 1
a: Renounce Religion, Shatter the Chains


You were on level 4 of the Dungeon.
You worshipped Ashenzari.
Ashenzari was noncommittal.
You visited 1 branch of the dungeon, and saw 4 of its levels.

You collected 203 gold pieces.
You spent 34 gold pieces at shops.

Inventory:

Hand Weapons
 p - a +3 dagger (weapon)
Armour
 a - a +0 robe (worn)
 g - the cursed +1 pair of gloves "Manifest Seer" (worn) {Evo, Melee}
   (You found it on level 1 of the Dungeon)

   It has a curse which improves the following skills: Evocations: Evocations.
   Melee Combat: Short Blades, Long Blades, Axes, Maces & Flails, Polearms,
   Staves and Unarmed Combat.
 l - a +0 buckler (worn)
Magical Staves
 r - a staff of air
Jewellery
 q - a ring of ice (left hand)
Wands
 m - a wand of paralysis (6)
Scrolls
 e - a scroll of vulnerability
 f - a scroll of teleportation
 j - a scroll of noise
 k - a scroll of magic mapping
 n - 4 scrolls of blinking
 o - a scroll of fog
Potions
 c - a potion of mutation
 d - a potion of berserk rage
 h - a potion of degeneration
 i - a potion of curing


   Skills:
 + Level 1.8 Fighting
 + Level 3.1 Dodging
 + Level 2.5 Stealth
 * Level 1.7 Shields
 * Level 4.1 Spellcasting
 + Level 1.1(1.4) Evocations


You couldn't memorise any spells.
You knew the following spells:

 Your Spells              Type           Power      Damage    Failure   Level
a - Freeze                Ice            100%       1d11      6%          1
b - Frozen Ramparts       Ice            68%        1d8       16%         3
c - Ozocubu's Armour      Ice            34%        N/A       16%         3
d - Hailstorm             Conj/Ice       34%        3d9       45%         4
e - Sandblast             Erth           44%        2d11      6%          1
f - Corpse Rot            Necr/Air       N/A        N/A       9%          2
Your spell library was empty.

Dungeon Overview and Level Annotations

Branches:
Dungeon (4/15)
 Temple: D:4-7

Altars:
Ashenzari
Makhleb
Okawaru

Shops:
D:2 (*[   D:3 (   D:4 !

Annotations:
D:4 Eustachio


Innate Abilities, Weirdness & Mutations

You are immune to sickness and miasma.
You are immune to poison.
Your flesh is very heat resistant. (rF++)
You are vulnerable to cold. (rC-)
You float through the air rather than walking.
You learn spells naturally, not from books.
Your magical power is your life essence.
You have superior vitality. (+4 HP)
You have a pair of small antennae on your head.
You occasionally shout uncontrollably at your foes.
Your spells are a little harder to cast, but a little more powerful.


Message History

Pain shoots through your body!
* * * LOW HITPOINT WARNING * * *
As you read the scroll of teleportation, it crumbles to dust.
You feel strangely unstable.
An orc comes into view. It is wielding a +0 club.
The orc barely misses you.
Your surroundings suddenly seem different.
An ufetubus comes into view.
A kobold comes into view. It is wielding a +0 club.
The hobgoblin shouts!
The kobold shouts!
Found a stone staircase leading down.
You hear the slow hiss of a distant avalanche of sand.
You flicker for a moment.
An ufetubus opens the door.
The ufetubus shouts!
The ufetubus closely misses you. The ufetubus misses you.
You flicker back into view.
You closely miss the ufetubus. The ufetubus closely misses you.
The ufetubus misses you. You block the ufetubus's attack.
The ufetubus barely misses you.
You barely miss the ufetubus. You block the ufetubus's attack.
The ufetubus hits you but does no damage.
You block the ufetubus's attack. The ufetubus barely misses you.
The kobold barely misses you.
You hit the ufetubus but do no damage. The ufetubus hits you.
* * * LOW HITPOINT WARNING * * *
The ufetubus closely misses you. The kobold hits you with a +0 club.
* * * LOW HITPOINT WARNING * * *
Aiming: Freeze (safe; 6% risk of failure)
Press: ? - help, Q - select action, (/) - cycle Shift-Dir - straight line, f - ufetubus
Aim: an ufetubus You feel a surge of power!
You freeze the ufetubus.
The ufetubus resists.
The ufetubus is heavily wounded.
* * * LOW HITPOINT WARNING * * *
The ufetubus misses you.
The ufetubus hits you but does no damage.
The ufetubus hits you.
* * * LOW HITPOINT WARNING * * *
The ufetubus closely misses you. The kobold hits you with a +0 club.
You die...

.......... . ..........#
. ..........# .#
.........##.##. #.
............... .
##.............
#...........#.#
#.....@.....#.##
#....K5..!.....
#...........#.# #
#...........#.##.###
##.####'###.........
####.#.........†......
#....#.##.....#.#..#.#
#.........(...#.#..#.####
#....#.##.###.#.#........


You could see an ufetubus and a kobold.

Vanquished Creatures
  An ogre (D:4)
  A bullfrog skeleton (D:4)
  3 adders
  A worm (D:3)
  An orc (D:3)
  5 ball pythons
  6 endoplasms
  2 giant cockroaches
  8 goblins
  4 hobgoblins
  8 jackals
  6 kobolds
  5 quokkas
  4 bats
  5 frilled lizards
  4 rats
64 creatures vanquished.

Notes
Turn   | Place    | Note
-------+----------+-------------------------------------------
     0 | D:1      | Tirrikindir the Djinni Ice Elementalist began the quest for
                  | the Orb.
     0 | D:1      | Reached XP level 1. HP: 15/15 MP: 0/0
   291 | D:1      | Reached XP level 2. HP: 21/22 MP: 0/0
   979 | D:1      | Found a faded altar of an unknown god.
  1154 | D:1      | Reached XP level 3. HP: 26/26 MP: 0/0
  1154 | D:1      | Learned a level 1 spell: Sandblast
  1608 | D:2      | Found an iron altar of Okawaru.
  1632 | D:2      | Found Qarphijiw's Armour Shop.
  1706 | D:2      | Reached skill level 1 in Fighting
  1872 | D:2      | Found Feicraz's Antique Weapon Boutique.
  2255 | D:2      | Reached XP level 4. HP: 27/32 MP: 0/0
  2301 | D:2      | Found Urafaot's Assorted Antiques.
  2307 | D:2      | Bought a scroll labelled UKKAZXUOSA for 17 gold pieces
  2307 | D:2      | Bought a scroll labelled QUGUAT NUEN for 17 gold pieces
  2657 | D:3      | Found Puhor's Weapon Boutique.
  3060 | D:3      | Found a broken altar of Ashenzari.
  3079 | D:3      | Became a worshipper of Ashenzari the Shackled
  3081 | D:3      | Gained mutation: Your spells are a little harder to cast,
                  | but a little more powerful. [potion of mutation]
  3081 | D:3      | Gained mutation: You occasionally shout uncontrollably at
                  | your foes. [potion of mutation]
  3081 | D:3      | Gained mutation: You have a pair of small antennae on your
                  | head. [potion of mutation]
  3632 | D:4      | Noticed an ogre
  3642 | D:4      | Killed an ogre
  3643 | D:4      | Reached skill level 1 in Shields
  3643 | D:4      | Reached skill level 4 in Spellcasting
  3643 | D:4      | Reached skill level 1 in Evocations
  3643 | D:4      | Reached XP level 5. HP: 7/38 MP: 0/0
  3643 | D:4      | Learned a level 2 spell: Corpse Rot
  3647 | D:4      | Found Depaschoe's Distillery.
  3675 | D:4      | Reached XP level 6. HP: 12/43 MP: 0/0
  3682 | D:4      | Found a burning altar of Makhleb.
  3758 | D:4      | Noticed Eustachio
  3792 | D:4      | HP: 1/43 [ufetubus (1)]
  3792 | D:4      | Slain by a kobold

Illustrated notes

Levels and vault maps discovered:
D:1:      beargit_arrival_greenhouse, layout_basic,
          ebering_ecumenical_altar_box, minmay_surrounded
D:2:      layout_loops_ring, serial_shops, shop, nicolae_shop_trees, shop,
          basic_altar
D:3:      layout_basic, ashenzari_conservatory_becter, serial_shops,
          nicolae_square_shop, mrwooster_statue_mirror, minmay_quantized
D:4:      layout_basic, mainiacjoe_overflow_alcove_4, amcnicky_altar_gilded,
          chequers_ossuary_entry_cave, nicolae_take_the_stairs,
          grunt_ministairs_2, amcnicky_mini_corridor_feature, minivault_27,
          uniq_eustachio

Skill      XL: |  1  2  3  4 |
---------------+-------------+-----
Fighting       | 1 |  1.8
Stealth        | 2 |  2.5
Dodging        | 3 |  3.1
Shields        | 1 |  1.7
Spellcasting   | 4 |  4.1
Evocations     | 1 |  1.1

Action                   |  1- 3 |  4- 6 || total
-------------------------+-------+-------++-------
Melee: Short sword       |   108 |    10 ||   118
       Dagger            |       |    73 ||    73
 Cast: Freeze            |    21 |    18 ||    39
Invok: Curse Item        |       |     1 ||     1
Evoke: Wand              |       |     1 ||     1
  Use: Potion            |       |     4 ||     4
       Scroll            |       |     3 ||     3
 Stab: Sleeping          |     4 |     2 ||     6
       Paralysed         |       |     3 ||     3
Armor: Robe              |    39 |    29 ||    68
Dodge: Dodged            |    85 |    74 ||   159
Block: Buckler           |     5 |    12 ||    17
